 Dungeon Crawl Stone Soup version 0.21-a0-529-g8c7b3f5 (webtiles) character file.

54 Amnesiac the Vexing (level 3, -9/36 HPs)
             Began as an Ogre Arcane Marksman on Dec 11, 2017.
             Mangled by a gnoll
             ... wielding a +0 halberd
              (16 damage)
             ... on level 2 of the Dungeon.
             The game lasted 00:03:08 (1445 turns).

Amnesiac the Vexing (Ogre Arcane Marksman)          Turns: 1445, Time: 00:03:09

Health: -9/36      AC:  3    Str: 14    XL:     3   Next: 91%
Magic:  5/5        EV: 10    Int: 14    God:
Gold:   31         SH:  0    Dex: 10    Spells: 4/5 levels left

rFire    . . .     SeeInvis .   t - +2 spear (pierce)
rCold    . . .     Gourm    .   (no shield)
rNeg     . . .     Faith    .   a - +0 robe
rPois    .         Spirit   .   (helmet restricted)
rElec    .         Reflect  .   (no cloak)
rCorr    .         Harm     .   (gloves unavailable)
MR       .....                  (boots unavailable)
Stlth    +.........             (no amulet)
HPRegen  0.12/turn              (no ring)
MPRegen  0.09/turn              (no ring)

@: no status effects
A: large, unfitting armour, tough skin 1
a: no special abilities


You were on level 2 of the Dungeon.
You were hungry.

You visited 1 branch of the dungeon, and saw 2 of its levels.

You collected 31 gold pieces.

Inventory:

Hand Weapons
 t - a +2 spear of piercing (weapon)
Missiles
 c - 8 large rocks
 d - 2 throwing nets
 j - 36 stones (quivered)
Armour
 a - a +0 robe (worn)
Scrolls
 e - a scroll of magic mapping {!r, unknown}
 h - a scroll of enchant armour {!r, unknown}
 i - 4 scrolls of enchant weapon {!r, unknown}
 l - 2 scrolls of identify {!r, unknown}
 o - 2 scrolls of remove curse {!r, unknown}
 q - a scroll of immolation {!r, unknown}
Potions
 g - a potion of haste {!q, unknown}
 m - a potion of ambrosia {!q, unknown}
 n - a potion of resistance {!q, unknown}
 p - a potion of might {!q, unknown}
Books
 b - a book of Debilitation

   Spells                             Type                      Level
   a - Corona                         Hexes                        1
   b - Slow                           Hexes                        2
   c - Inner Flame                    Hexes/Fire                   3
   d - Portal Projectile              Hexes/Translocation          3
   e - Cause Fear                     Hexes                        4
   f - Leda's Liquefaction            Hexes/Earth                  4
Comestibles
 f - 2 bread rations


   Skills:
 + Level 2.3 Fighting
 * Level 2.8 Throwing
 + Level 2.2 Dodging
 + Level 1.8 Spellcasting
 + Level 3.0 Hexes


You had 4 spell levels left.
You knew the following spells:

 Your Spells              Type           Power        Failure   Level  Hunger
a - Corona                Hex            #......      7%          1    ##.....


Dungeon Overview and Level Annotations

Branches:
Dungeon (2/15)

Altars:


Innate Abilities, Weirdness & Mutations

You are too large for most types of armour.
You have tough skin. (AC +1)


Message History

A gnoll is nearby!
Throwing (i - inventory. (,) - cycle):
j - 42 stones (quivered)
Press: ? - help, Shift-Dir - straight line, f - gnoll
Aim: a gnoll, wielding a halberd (hasn't noticed you)
You throw a stone. The gnoll shouts!
The stone hits the gnoll but does no damage.
Throwing (i - inventory. (,) - cycle):
j - 41 stones (quivered)
Press: ? - help, Shift-Dir - straight line, f/p - gnoll
Aim: a gnoll, wielding a halberd You throw a stone.
The stone closely misses the gnoll.
Throwing (i - inventory. (,) - cycle):
j - 40 stones (quivered)
Press: ? - help, Shift-Dir - straight line, f/p - gnoll
Aim: a gnoll, wielding a halberd You throw a stone.
The stone hits the gnoll but does no damage.
Throwing (i - inventory. (,) - cycle):
j - 39 stones (quivered)
Press: ? - help, Shift-Dir - straight line, f/p - gnoll
Aim: a gnoll, wielding a halberd You throw a stone.
The stone closely misses the gnoll.
Things that are here:
a club; a kobold corpse; a frilled lizard corpse
Casting: Corona
Confirm with . or Enter, or press ? or * to list all spells.
Aiming: Corona
Press: ? - help, Shift-Dir - straight line, f/p - gnoll
Aim: a gnoll, wielding a halberd (chance to defeat MR: 52%)
The gnoll is outlined in light.
The gnoll hits you from afar with a halberd!
Throwing (i - inventory. (,) - cycle):
j - 38 stones (quivered)
Press: ? - help, Shift-Dir - straight line, f/p - gnoll
Aim: a gnoll, wielding a halberd (softly glowing)
You throw a stone.
The stone hits the gnoll but does no damage.
Throwing (i - inventory. (,) - cycle):
j - 37 stones (quivered)
Press: ? - help, Shift-Dir - straight line, f/p - gnoll
Aim: a gnoll, wielding a halberd (softly glowing)
You throw a stone.
The stone hits the gnoll but does no damage.
The gnoll hits you from afar with a halberd.
* * * LOW HITPOINT WARNING * * *
Attack whom?
Press: ? - help, Dir - move target cursor, f/p - gnoll
Aim: a gnoll, wielding a halberd (softly glowing)
You reach to attack!
You hit the gnoll but do no damage.
The gnoll hits you from afar with a halberd!
* * * LOW HITPOINT WARNING * * *
Attack whom?
Press: ? - help, Dir - move target cursor, f/p - gnoll
Aim: a gnoll, wielding a halberd (softly glowing)
You reach to attack!
You hit the gnoll but do no damage. The gnoll closely misses you.
The gnoll stops glowing.
There is a stone staircase leading up here.
A worm comes into view.
Found a scroll labeled ZYIBIOTYCS.
Found an escape hatch in the floor.
Found a purple potion.
Found a purple potion.
You are feeling hungry.
You see here a purple potion {!q}.
There is an escape hatch in the ceiling here.
The gnoll hits you from afar with a halberd!
You die...

(..######## #........# #
(..(.(.[..#####.......# .#
...###(....(.....(....##.##
#.....####...........##
#...<.# #...r<...#...(
#.....## #..........###
#......# ##............
#......## ##...##.###..
#.....@.# #######.##...
#.....#.........#....##
#####g#########...#....
#r### #.##.(.=... #...#
#.##....?.. ###.#
#>...(!...( #r#
##.....).... #.#
##r.#........
#r###..#........w


You could see a gnoll and a rat.

Vanquished Creatures
  2 gnolls
  2 dart slugs
  2 leopard geckos (D:1)
  A ball python (D:1)
  A giant cockroach (D:1)
  5 goblins (D:1)
  2 hobgoblins
  A quokka (D:2)
  5 bats
  2 frilled lizards
  4 kobolds
  4 rats
31 creatures vanquished.

Notes
Turn   | Place    | Note
-------+----------+-------------------------------------------
     0 | D:1      | Amnesiac the Ogre Arcane Marksman began the quest for the Orb.
     0 | D:1      | Reached XP level 1. HP: 19/19 MP: 2/2
   278 | D:1      | Reached XP level 2. HP: 24/28 MP: 0/4
  1032 | D:2      | Reached XP level 3. HP: 29/35 MP: 2/5
  1084 | D:1      | Reached skill level 3 in Hexes
  1445 | D:2      | Mangled by a gnoll

Vault maps used:
D:1:      giann_wishing_wells, minmay_ruptured
D:2:      lemuel_crystal_altar, chequers_ecumenical_altar_simple_redux

Skill      XL: |  1  2  3 |
---------------+----------+-----
Dodging        | 2 |  2.2
Fighting       | 2 |  2.3
Hexes          | 3 |  3.0
Throwing       | |  2.8
Spellcasting   | |  1.8

Action                   || total
-------------------------++-------
Melee: Dagger            ||    11
       Unarmed           ||    10
       Short sword       ||    50
       Spear             ||     8
       Flail             ||     5
Throw: Stone             ||    36
       Large rock        ||     1
 Cast: Corona            ||    25
 Stab: Sleeping          ||     1
  Eat: Chunk             ||     2
Armor: Robe              ||    21
Dodge: Dodged            ||    54

Table legend:
 A = Spawn XP
 B = Non-spawn XP
 C = Spawn XP percentage of total XP
 D = Spawn monster count
 E = Non-spawn monster count
 F = Spawn count percentage of total count
 G = Total turns spent on level
                    A         B        C        D         E        F      G
               +---------+---------+-------+---------+---------+-------+---------
         Total |       0 |      78 |   0.0 |       0 |      31 |   0.0 |  1445
               +---------+---------+-------+---------+---------+-------+---------
           D:1 |       0 |      49 |   0.0 |       0 |      21 |   0.0 |  1289
           D:2 |       0 |      29 |   0.0 |       0 |      10 |   0.0 |   156
               +---------+---------+-------+---------+---------+-------+---------
